Map: Pillars of Gold LE

Players

LiquidClem (Clem) - Winner!

  • Race: Terran Terran
  • Spawn Location: 1:00

Ragnarok (SHIN)

  • Race: Zerg Zerg
  • Spawn Location: 7:00

VOD

Have the link to the VOD?

Description

Time

  • Played on: Jan. 12, 2021, 1:26 p.m.
  • Length: 10:31
Show
View Real Time Build Order
Export as new Build Order

LiquidClem Terran - Winner!

Build Orders: Reaper Expand, Hellion Banshee 

Get SALT Encoding   

  12  0:00  SCV  
  13  0:12  SCV  
  14  0:17  Supply Depot  
  14  0:24  SCV  
  15  0:39  SCV  
  15  0:40  Barracks  
  16  0:46  Refinery  
  16  0:51  SCV  
  17  1:03  SCV  
  18  1:15  SCV  
  19  1:28  Orbital Command, Reaper  
  20  1:44  Command Center  
  20  1:54  Supply Depot  
  20  1:55  SCV  
  20  2:00  Marine  
  22  2:07  SCV  
  23  2:18  Factory  
  23  2:19  Refinery  
  23  2:20  SCV  
  24  2:22  Barracks Reactor  
  24  2:32  SCV  
  25  2:44  SCV  
  26  2:55  Orbital Command  
  26  2:56  SCV  
  27  3:03  Starport  
  27  3:07  Hellion  
  27  3:08  Hellion, SCV  
  27  3:10  Barracks Tech Lab  
  32  3:16  Supply Depot  
  32  3:20  SCV  
  32  3:23  SCV  
  34  3:29  Hellion x2  
  34  3:32  SCV  
  39  3:35  SCV  
  40  3:44  SCV  
  40  3:48  Banshee  
  43  3:49  Cloaking Field  
  43  3:50  Barracks Tech Lab  
  43  3:51  SCV  
  43  3:54  Supply Depot, Hellion  
  46  3:57  Hellion  
  46  3:58  SCV  
  49  4:03  SCV  
  50  4:10  Stimpack, SCV  
  50  4:16  SCV  
  52  4:17  Supply Depot  
  52  4:22  SCV  
  53  4:28  Command Center, SCV  
  54  4:31  Banshee  
  54  4:34  SCV  
  54  4:37  Factory Reactor  
  58  4:40  SCV  
  58  4:44  Barracks x2  
  59  4:48  Marine  
  59  4:51  SCV  
  61  4:55  Engineering Bay  
  61  4:56  Engineering Bay  
  61  4:58  SCV  
  62  5:02  Supply Depot  
  62  5:03  SCV  
  63  5:10  SCV  
  63  5:11  Refinery x2, Marine  
  65  5:16  SCV  
  66  5:23  Terran Infantry Weapons Level 1, Terran Infantry Armor Level 1, Starport Reactor, SCV  
  66  5:28  SCV  
  68  5:29  Marine  
  68  5:30  Marine x2  
  68  5:33  Siege Tank  
  68  5:35  SCV  
  75  5:40  Marine  
  75  5:41  Marine  
  77  5:43  SCV  
  77  5:46  Supply Depot  
  77  5:47  SCV  
  77  5:49  Marine x2  
  81  5:52  Supply Depot  
  81  5:55  SCV, Marine  
  83  5:59  Marine  
  83  6:02  Marine  
  83  6:03  SCV  
  84  6:07  Medivac x2  
  84  6:08  Siege Tank  
  91  6:12  Orbital Command  
  91  6:14  SCV  
  91  6:15  Marine  
  91  6:17  SCV  
  94  6:23  Marine  
  91  6:26  SCV  
  91  6:28  Supply Depot  
  91  6:29  Marine x2  
  91  6:30  SCV  
  91  6:31  Combat Shield  
  95  6:33  Marine  
  95  6:37  Marine  
  95  6:38  SCV x2  
  99  6:41  Marine  
  99  6:42  SCV  
  99  6:46  Marine  
  101  6:47  Supply Depot, Marine  
  101  6:50  SCV x2  
  105  6:54  Barracks x2  
  105  6:55  SCV  
  105  6:59  Armory  
  106  7:02  SCV  
  106  7:03  Marine x2  
  106  7:04  Marine x2  
  106  7:05  Supply Depot  
  111  7:09  SCV, Siege Tank  
  111  7:12  SCV  
  111  7:14  SCV  
  117  7:19  Marine  
  117  7:21  Marine  
  117  7:22  SCV  
  120  7:23  Supply Depot  
  120  7:24  SCV  
  120  7:25  Refinery, Marine x2  
  120  7:26  Marine  
  120  7:27  SCV  
  125  7:32  Medivac x2  
  125  7:36  Marine  
  130  7:39  Marine  
  130  7:41  Marine  
  129  7:44  Command Center  
  129  7:45  Marine  
  129  7:47  Marine  
  131  7:52  Marine  
  131  7:54  Marine  
  131  7:55  Siege Tank  
  131  7:57  Marine  
  134  7:59  Barracks Reactor  
  134  8:02  Medivac x2  
  134  8:03  Refinery, Marine  
  134  8:04  Marine  
  140  8:05  Supply Depot x2  
  140  8:08  Barracks Reactor  
  140  8:09  Terran Infantry Weapons Level 2  
  140  8:10  Marine  
  140  8:12  Missile Turret, Marine  
  141  8:14  Missile Turret  
  141  8:17  Missile Turret  
  141  8:21  Marine x2  
  141  8:22  SCV  
  141  8:27  Widow Mine, Marine x2  
  141  8:30  Marine  
  146  8:38  Barracks, Medivac  
  146  8:39  Barracks, Marine x2  
  150  8:42  Medivac  
  150  8:44  Marine  
  150  8:45  Marine  
  150  8:46  Marine x3  
  150  8:48  Marine  
  155  8:49  Widow Mine  
  155  8:52  SCV  
  155  8:55  SCV, Marine  
  157  8:57  Marine x2  
  157  9:02  Marine  
  158  9:03  Marine  
  158  9:04  Marine x3  
  158  9:05  Marine  
  154  9:10  Widow Mine, SCV  
  154  9:11  SCV x2  
  154  9:12  Marine  
  154  9:15  Marine x2  
  155  9:17  Medivac  
  155  9:19  Medivac  
  155  9:20  Marine  
  155  9:21  Marine x2  
  155  9:22  Marine x2  
  155  9:23  Marine  
  161  9:30  Marine  
  152  9:31  Widow Mine, Marine  
  152  9:32  Marine  
  152  9:33  Marine x2  
  152  9:35  SCV  
  152  9:38  Marine  
  157  9:39  Marine x2  
  157  9:40  Marine  
  157  9:42  Planetary Fortress  
  157  9:44  Missile Turret  
  160  9:47  Marine x2  
  160  9:48  Marine  
  160  9:50  Barracks x2  
  163  9:53  Widow Mine  
  163  9:54  Marine x2  
  163  9:58  Marine x2  
  169  10:06  Marine x2  
  158  10:07  Marine x5  
  158  10:12  Marine x2  
  164  10:28  Command Center  
Show
View Real Time Build Order
Export as new Build Order

Ragnarok Zerg 

Build Orders: Hatch First, Muta Ling Bane 

Get SALT Encoding   

  12  0:00  Drone  
  13  0:12  Overlord  
  13  0:18  Drone  
  14  0:31  Drone x2  
  16  0:50  Hatchery  
  16  0:53  Drone  
  16  0:56  Drone  
  17  1:00  Drone  
  18  1:10  Extractor  
  17  1:16  Spawning Pool  
  16  1:18  Drone  
  16  1:22  Drone  
  18  1:29  Drone  
  19  1:40  Drone  
  20  1:50  Drone  
  21  2:03  Queen x2  
  21  2:04  Zergling x4  
  27  2:11  Overlord  
  27  2:13  Drone  
  28  2:17  Metabolic Boost  
  28  2:30  Drone x2  
  30  2:42  Drone  
  30  2:43  Drone  
  31  2:45  Hatchery  
  31  2:51  Queen  
  30  2:55  Drone  
  33  2:59  Overlord  
  33  3:02  Drone  
  33  3:04  Drone  
  35  3:08  Pneumatized Carapace  
  35  3:19  Drone x5  
  40  3:23  Drone  
  40  3:26  Overlord  
  41  3:28  Drone  
  42  3:39  Drone  
  43  3:42  Overlord  
  43  3:43  Queen  
  43  3:45  Drone x3  
  48  3:51  Zergling x4  
  48  3:55  Queen  
  52  3:58  Drone  
  52  3:59  Zergling x2  
  52  4:00  Zergling x2, Drone  
  52  4:02  Drone  
  57  4:03  Drone  
  57  4:09  Overlord, Drone  
  59  4:17  Extractor  
  59  4:20  Baneling Nest  
  59  4:24  Lair, Drone x3  
  56  4:25  Drone x2  
  61  4:31  Drone  
  61  4:32  Spore Crawler  
  61  4:35  Spore Crawler x2  
  61  4:36  Zergling x4  
  61  4:37  Zergling x2  
  62  4:40  Drone x2  
  62  4:41  Drone  
  62  4:45  Queen  
  65  4:48  Drone  
  65  4:49  Drone  
  65  4:51  Overlord  
  69  4:54  Drone  
  69  4:55  Overlord  
  69  4:57  Drone  
  69  4:58  Drone  
  72  5:00  Overlord  
  72  5:02  Extractor  
  72  5:04  Extractor, Overlord  
  72  5:06  Drone  
  70  5:07  Drone  
  70  5:09  Drone  
  70  5:10  Drone  
  70  5:11  Drone  
  70  5:12  Drone  
  75  5:14  Drone  
  75  5:15  Drone  
  75  5:16  Drone  
  75  5:17  Drone  
  79  5:22  Overseer  
  79  5:23  Queen  
  79  5:25  Drone x2  
  79  5:26  Drone  
  79  5:27  Drone  
  85  5:36  Extractor  
  85  5:37  Extractor, Drone  
  85  5:39  Drone x2  
  85  5:40  Drone x2  
  85  5:42  Spire  
  86  5:44  Zergling x6  
  86  5:45  Drone x2  
  86  5:46  Drone  
  92  5:52  Drone x2  
  93  6:01  Zergling x4  
  93  6:02  Zergling x4  
  93  6:04  Drone  
  95  6:08  Evolution Chamber x2  
  95  6:09  Drone x2  
  95  6:16  Zergling x2  
  95  6:17  Zergling x2  
  95  6:23  Zergling x6  
  95  6:24  Zergling x2  
  95  6:25  Hatchery  
  96  6:27  Centrifical Hooks  
  96  6:29  Overlord  
  96  6:31  Zergling x2  
  96  6:32  Zergling x6  
  100  6:37  Zerg Ground Armor Level 1, Zerg Melee Weapons Level 1  
  100  6:38  Zergling x2  
  100  6:39  Zergling x4  
  103  6:45  Overlord  
  103  6:48  Overlord  
  103  6:55  Mutalisk x5  
  103  6:59  Overlord  
  112  7:03  Baneling  
  112  7:04  Baneling x7  
  112  7:05  Baneling  
  112  7:06  Zergling x8  
  116  7:09  Mutalisk  
  116  7:11  Zergling x2  
  116  7:12  Baneling x2  
  116  7:13  Zergling x2  
  116  7:14  Zergling x4  
  122  7:20  Zergling x6  
  113  7:32  Zergling x14  
  113  7:35  Baneling  
  113  7:36  Baneling x2  
  108  7:40  Mutalisk x2  
  108  7:42  Overlord  
  108  7:46  Overlord  
  108  7:51  Mutalisk x3  
  104  7:53  Zergling x2  
  104  7:54  Zergling x8  
  107  8:00  Zergling x4  
  107  8:04  Baneling x7  
  109  8:05  Zergling x2  
  109  8:09  Zergling x4, Hatchery  
  111  8:14  Mutalisk  
  111  8:17  Mutalisk  
  114  8:23  Overlord, Mutalisk  
  114  8:25  Zergling x6  
  119  8:28  Drone  
  119  8:30  Drone x6  
  119  8:31  Baneling x2  
  119  8:32  Baneling x5  
  126  8:39  Zergling x4  
  126  8:41  Hatchery  
  127  8:44  Mutalisk  
  129  8:54  Zergling x10  
  131  8:57  Zergling x6  
  127  9:04  Zergling x2  
  127  9:05  Zergling x6  
  127  9:09  Zergling x2  
  124  9:11  Baneling x6  
  124  9:12  Zergling x4, Baneling  
  124  9:20  Zergling x6  
  124  9:21  Baneling x5  
  124  9:22  Queen  
  121  9:26  Mutalisk x3  
  118  9:32  Zergling x6  
  118  9:33  Drone x2  
  118  9:34  Drone x2  
  123  9:40  Extractor  
  123  9:41  Mutalisk  
  123  9:42  Evolution Chamber  
  123  9:45  Drone x4, Baneling x3  
  126  9:46  Baneling x2  
  126  9:50  Overlord  
  126  9:51  Mutalisk  
  128  9:53  Baneling x4  
  128  9:55  Drone  
  128  9:56  Drone  
  128  9:58  Drone x2  
  128  9:59  Drone  
  131  10:06  Mutalisk x3  
  121  10:09  Zergling x2  
  121  10:10  Zergling x2  
  121  10:12  Drone x2  
  121  10:13  Zergling x6  
  128  10:14  Extractor  
  128  10:15  Extractor  
Tags
 
Add a new tag
Caveats
  • Supply blocks, unpowered buildings, or Contaminate may cause inaccurate times.
  • Supply counts are checked every 10 seconds.